 Dungeon Crawl Stone Soup version 0.29-a0-91-gdebf4667c2 (webtiles) character file.

Game seed: 16797655992959395037

201 siradein the Ducker (level 5, 0/53 HPs)
             Began as a Troll Fighter on Feb 7, 2022.
             Slain by a bullfrog (3 damage)
             ... in a sewer.
             The game lasted 00:06:46 (2043 turns).

siradein the Ducker (Troll Fighter)                 Turns: 2043, Time: 00:06:46

Health: 0/53       AC:  4    Str: 24    XL:     5   Next: 50%
Magic:  4/4        EV:  9    Int:  4    God:
Gold:   93         SH:  8    Dex: 11    Spells: 4/4 levels left

rFire   . . .      SeeInvis .     - Unarmed
rCold   . . .      Faith    .   b - +0 kite shield
rNeg    . . .      Spirit   .   a - +0 robe
rPois   .          Reflect  .   (helmet restricted)
rElec   .          Harm     .   (no cloak)
rCorr   .          Rampage  .   (gloves unavailable)
Will    .....                   (boots unavailable)
Stlth   +.........              (no amulet)
HPRegen 0.97/turn               (no ring)
MPRegen 0.09/turn               (no ring)

@: lethally poisoned (0 -> 0), about to teleport
A: large, unfitting armour, claws 3, regeneration 1, shaggy fur 1, tough skin 1
a: no special abilities


You were in a sewer.
You visited 1 branch of the dungeon, and saw 3 of its levels.
You also visited: Sewer.

You collected 93 gold pieces.

Inventory:

Missiles
 o - 2 poisoned darts (quivered)
Armour
 a - a +0 robe (worn)
 b - a +0 kite shield (worn)
Jewellery
 p - a ring of ice
Scrolls
 e - 2 scrolls of teleportation
 j - 2 scrolls of enchant weapon {unknown}
 k - a scroll of identify {unknown}
 l - a scroll of holy word {unknown}
 m - a scroll of blinking {unknown}
 n - a scroll of fog {unknown}
 t - a scroll of fear {unknown}
 u - a scroll of enchant armour {unknown}
Potions
 c - 2 potions of might
 d - 2 potions of magic {unknown}
 f - 2 potions of flight {unknown}
 g - 5 potions of heal wounds {unknown}
 h - a potion of brilliance {unknown}
 i - 3 potions of curing {unknown}
 q - a potion of haste {unknown}
 r - a potion of cancellation {unknown}
 s - a potion of lignification {unknown}


   Skills:
 + Level 3.3 Fighting
 + Level 3.3 Dodging
 + Level 3.3 Shields
 + Level 3.3 Unarmed Combat


You had 4 spell levels left.
You didn't know any spells.
Your spell library was empty.

Dungeon Overview and Level Annotations

Branches:
Dungeon (3/15)              Sewer (1/1)

Altars:
Ashenzari
Fedhas
Kikubaaqudgha


Innate Abilities, Weirdness & Mutations

You are too large for most types of armour.
You have claws for hands.
Your natural rate of healing is unusually fast.
You are covered in fur. (AC +1)
You have tough skin. (AC +1)


Message History

The bullfrog hits you. The adder bites you but does no damage.
The ball python bites you. The bullfrog hits you.
The ball python closely misses you. The ball python bites you.
The adder bites you but does no damage.
You barely miss the bullfrog.
The bullfrog is moderately wounded.
The ball python bites you. The bullfrog hits you.
The ball python closely misses you.
The ball python bites you but does no damage.
The ball python barely misses you. The ball python completely misses you.
The adder barely misses you. The ball python misses you.
You closely miss the adder. The bullfrog barely misses you.
The ball python barely misses you. You block the ball python's attack.
The ball python bites you but does no damage.
You block the adder's attack. The ball python misses you.
The bullfrog barely misses you. The ball python barely misses you.
You miss the adder. The ball python closely misses you.
The adder barely misses you. You block the bullfrog's attack.
The ball python bites you. x2
The ball python bites you but does no damage.
The ball python closely misses you. You block the ball python's attack.
The adder bites you.
* * * LOW HITPOINT WARNING * * *
You are poisoned.
The adder poisons you! The bullfrog completely misses you.
The ball python barely misses you. The ball python bites you.
* * * LOW HITPOINT WARNING * * *
You completely miss the adder.
You feel sick. The ball python bites you.
* * * LOW HITPOINT WARNING * * *
You block the ball python's attack. The bullfrog hits you.
* * * LOW HITPOINT WARNING * * *
You block the adder's attack. The ball python barely misses you.
The ball python bites you.
* * * LOW HITPOINT WARNING * * *
The ball python bites you but does no damage.
The ball python barely misses you.
As you read the scroll labelled XADGHUA GIOLLIC, it crumbles to dust.
You feel strangely unstable.
It was a scroll of teleportation.
You feel sick. The bullfrog hits you.
You die...

#..'.†..# #..#....#
####...##
###################....#
..≈≈≈≈≈≈≈≈≈≈≈≈≈≈≈..†...#
S.≈≈≈≈≈≈≈≈≈≈≈≈≈≈≈≈....##
S≈≈≈≈≈≈≈≈F≈≈≈≈≈≈≈≈....#
S.≈≈≈≈≈≈FSS≈≈≈≈≈≈≈....#
.≈≈≈≈≈≈lS@S#≈≈≈≈≈....##
..≈≈≈≈≈≈SS≈≈≈≈≈≈≈#.###
####################


You could see 2 bullfrogs, an adder, 5 ball pythons and a frilled lizard.

Vanquished Creatures
  A hound skeleton (D:3)
  3 gnolls (D:3)
  4 adders
  4 river rats (Sewer)
  A worm (D:2)
  16 ball pythons
  7 endoplasms
  2 giant cockroaches
  6 goblins
  6 hobgoblins
  5 kobolds
  2 quokkas
  2 bats
  5 frilled lizards
  29 rats
93 creatures vanquished.

Vanquished Creatures (others)
  A plant (D:3)
  6 withered plants (D:3)
7 creatures vanquished.

Grand Total: 100 creatures vanquished

Notes
Turn   | Place    | Note
-------+----------+-------------------------------------------
     0 | D:1      | siradein the Troll Fighter began the quest for the Orb.
     0 | D:1      | Reached XP level 1. HP: 22/22 MP: 0/0
   156 | D:1      | Reached XP level 2. HP: 29/29 MP: 1/1
   654 | D:2      | Reached XP level 3. HP: 36/36 MP: 2/2
  1560 | D:3      | Reached XP level 4. HP: 31/44 MP: 3/3
  1570 | D:3      | Found a blossoming altar of Fedhas.
  1570 | D:3      | Found an ancient bone altar of Kikubaaqudgha.
  1629 | D:3      | Found a broken altar of Ashenzari.
  1791 | D:3      | Found a glowing drain.
  1796 | Sewer    | Entered a sewer
  1864 | Sewer    | Reached XP level 5. HP: 53/53 MP: 4/4
  2043 | Sewer    | Slain by a bullfrog

Illustrated notes

Levels and vault maps discovered:
D:1:      psy_arrival_dodecagon, layout_loops_cross
D:2:      layout_basic
D:3:      layout_basic, grunt_temple_overflow_growth_and_decay,
          lemuel_doored_altar, cheibrodos_worm_habitat, portal_sewer_entry_e
Sewer:    sewer_minmay_w

Skill      XL: |  1  2  3  4 |
---------------+-------------+-----
Fighting       | 3 |  3.3
Dodging        | 3 |  3.3
Shields        | 3 |  3.3
Unarmed Combat | 3 |  3.3

Action                   |  1- 3 |  4- 6 || total
-------------------------+-------+-------++-------
Melee: Unarmed           |    96 |   136 ||   232
  Use: Scroll            |       |     1 ||     1
 Stab: Sleeping          |     2 |       ||     2
Armor: Robe              |    28 |    45 ||    73
Dodge: Dodged            |    26 |    82 ||   108
Block: Kite shield       |    30 |    74 ||   104

Table legend: (Time is in decaauts)
 A = Elapsed time spent in this place.
 B = Non-inter-level travel time spent in this place.
 C = Inter-level travel time spent in this place.
 D = Time resting spent in this place.
 E = Time spent auto-exploring this place.
 F = Levels seen in this place.
 G = Mean time per level.
                   A        B        C        D        E       F      G
               +--------+--------+--------+--------+--------+-----+--------+
         Total |   2095 |   1994 |    101 |      0 |   1249 |   4 |  523.8 |
       Dungeon |   1812 |   1711 |    101 |      0 |   1129 |   3 |  604.0 |
         Sewer |    283 |    283 |      0 |      0 |    120 |   1 |  283.0 |
               +--------+--------+--------+--------+--------+-----+--------+

Top non-repeatable levels by time:
     D:2: 896 daAuts
     D:1: 565 daAuts
     D:3: 350 daAuts
   Sewer: 283 daAuts
